 Dungeon Sprint DCSS version 0.28.0-43-g3370ac3207 (webtiles) character file.

Game seed: 12710125463836092018

177 bromine the Cudgeller (level 5, -15/48 HPs)
             Began as a Gnoll Cinder Acolyte on Mar 21, 2022.
             Was a High Priest of Ignis.
             Demolished by a shadow (28 damage)
             ... in the Dungeon (Sprint IX: "|||||||||||||||||||||||||||||").
             The game lasted 00:02:21 (218 turns).

bromine the Cudgeller (Gnoll Cinder Acolyte)         Turns: 218, Time: 00:02:23

Health: -15/48     AC: 16    Str: 18    XL:     5   Next: 57%
Magic:  9/12       EV: 14    Int: 14    God:    Ignis [*****.]
Gold:   0          SH:  0    Dex:  7    Spells: 13/13 levels left

rFire   + . .      SeeInvis .   o - +2 morningstar (protect)
rCold   . . .      Faith    .   (no shield)
rNeg    . . .      Spirit   .   b - +0 robe
rPois   .          Reflect  .   (no helmet)
rElec   .          Harm     .   (no cloak)
rCorr   .          Rampage  .   (no gloves)
Will    .....      NoTele   +   (no boots)
Stlth   ++........              (no amulet)
HPRegen 0.16/turn               t - +3 ring of strength
MPRegen 0.13/turn               u - +2 ring of evasion

@: under a protective aura, fiery-armoured
A: fangs 1, strong nose, distributed training
a: Renounce Religion, Fiery Armour, Foxfire Swarm, Rising Flame


You were in the Dungeon.
You worshipped Ignis.
Ignis was extremely pleased with you.
You visited 1 branch

Inventory:

Hand Weapons
 a - a -1 mace of flaming
 i - a +0 flail
 m - a +2 halberd of protection
 n - a +0 lajatang
 o - a +2 morningstar of protection (weapon)
 p - a +2 rapier of flaming
 q - a +2 scimitar of flaming
 r - a +3 war axe of venom
Armour
 b - a +0 robe (worn)
 s - a +1 scale mail
Jewellery
 t - a +3 ring of strength (left hand)
 u - a +2 ring of evasion (right hand)
Wands
 l - a wand of iceblast (10)
Scrolls
 h - 2 scrolls of blinking
 k - 2 scrolls of amnesia
Potions
 c - 5 potions of curing
 d - a potion of heal wounds
 e - a potion of haste
 f - 4 potions of magic
 g - a potion of berserk rage
 j - a potion of invisibility


   Skills:
 + Level 7.6 Fighting
 + Level 3.7 Short Blades
 + Level 3.7 Long Blades
 + Level 3.7 Axes
 + Level 7.6 Maces & Flails
 + Level 3.7 Polearms
 + Level 3.7 Staves
 + Level 3.7 Slings
 + Level 3.7 Bows
 + Level 3.7 Crossbows
 + Level 3.7 Throwing
 + Level 3.7 Armour
 + Level 3.7 Dodging
 + Level 3.7 Stealth
 + Level 3.7 Shields
 + Level 3.7 Unarmed Combat
 + Level 4.7 Spellcasting
 + Level 3.0 Conjurations
 + Level 3.0 Hexes
 + Level 3.0 Summonings
 + Level 3.0 Necromancy
 + Level 3.0 Translocations
 + Level 3.0 Transmutations
 + Level 6.3 Fire Magic
 + Level 3.0 Ice Magic
 + Level 3.0 Air Magic
 + Level 3.0 Earth Magic
 + Level 3.0 Poison Magic
 + Level 4.0 Invocations
 + Level 3.7 Evocations


You had 13 spell levels left.
You didn't know any spells.
Your spell library contained the following spells:

 Spells                   Type           Power      Damage    Failure   Level
 Scorch                   Fire           42%        2d7       1%          2


Dungeon Overview and Level Annotations

Branches:
Dungeon (1/1)

Altars:
Cheibriados
Dithmenos
Elyvilon
Fedhas
Gozag
Hepliaklqana
Kikubaaqudgha
Makhleb
Nemelex Xobeh
Okawaru
Qazlal
Ru
Sif Muna
Trog
Uskayaw
Vehumet
Wu Jian
Xom
Yredelemnul
Zin
The Shining One
Beogh
Jiyva
Lugonu


Innate Abilities, Weirdness & Mutations

You have very sharp teeth.
Your uncanny sense of smell can sniff out nearby items.
Your experience applies equally to all skills.


Message History

Your Maces & Flails skill increases to level 7!
Your Polearms skill increases to level 3!
Your Staves skill increases to level 3!
Your Slings skill increases to level 3!
Your Bows skill increases to level 3!
Your Crossbows skill increases to level 3!
Your Throwing skill increases to level 3!
Your Armour skill increases to level 3!
Your Dodging skill increases to level 3!
Your Stealth skill increases to level 3!
Your Shields skill increases to level 3!
Your Unarmed Combat skill increases to level 3!
Your Spellcasting skill increases to level 4!
Your Conjurations skill gained 2 levels and is now at level 3!
Your Hexes skill gained 2 levels and is now at level 3!
Your Summonings skill gained 2 levels and is now at level 3!
Your Necromancy skill gained 2 levels and is now at level 3!
Your Translocations skill gained 2 levels and is now at level 3!
Your Transmutations skill gained 2 levels and is now at level 3!
Your Fire Magic skill increases to level 6!
Your Ice Magic skill gained 2 levels and is now at level 3!
Your Air Magic skill gained 2 levels and is now at level 3!
Your Earth Magic skill gained 2 levels and is now at level 3!
Your Poison Magic skill gained 2 levels and is now at level 3!
Your Invocations skill gained 2 levels and is now at level 4!
Your Evocations skill increases to level 3!
You have reached level 4!
You feel clever.
You have reached level 5!
You feel much better. The wyvern bites you.
* * * LOW HITPOINT WARNING * * *
The wyvern is burned by your cloak of flames.
The wyvern is lightly wounded.
You impale the wyvern!! Your bite misses the wyvern.
The wyvern is almost dead.
The wyvern bites you but does no damage.
The wyvern is burned by your cloak of flames.
You kill the wyvern!
The shadow strikes at you from the darkness!
Ouch! That really hurt!
You die...

∆∆ ∆ ∆∆∆∆
▓▓▓▓▓▓▓▓▓▓▓▓▓▓▓▓▓▓▓▓▓▓▓▓
+.ZO.O.@...[[....'______
▓▓▓▓▓▓▓▓▓▓▓▓▓▓▓▓▓▓▓▓▓▓▓▓


You could see 2 two-headed ogres and a ball python zombie.

Vanquished Creatures
  A shadow (D)
  A wyvern (D)
  A gnoll (D)
  2 adders (D)
  An ufetubus (D)
  A ball python (D)
  A bat (D)
  A giant cockroach (D)
  A hobgoblin (D)
  A quokka (D)
  A frilled lizard (D)
12 creatures vanquished.

Notes
Turn   | Place    | Note
-------+----------+-------------------------------------------
     0 | D        | bromine the Gnoll Cinder Acolyte began the quest for the
                  | Orb.
     0 | D        | Reached XP level 1. HP: 23/23 MP: 4/4
    15 | D        | Reached skill level 1 in Invocations
    16 | D        | Reached skill level 1 in Short Blades
    16 | D        | Reached skill level 1 in Long Blades
    16 | D        | Reached skill level 1 in Axes
    16 | D        | Reached skill level 1 in Polearms
    16 | D        | Reached skill level 1 in Staves
    16 | D        | Reached skill level 1 in Slings
    16 | D        | Reached skill level 1 in Bows
    16 | D        | Reached skill level 1 in Crossbows
    16 | D        | Reached skill level 1 in Throwing
    16 | D        | Reached skill level 1 in Armour
    16 | D        | Reached skill level 1 in Dodging
    16 | D        | Reached skill level 1 in Stealth
    16 | D        | Reached skill level 1 in Shields
    16 | D        | Reached skill level 1 in Unarmed Combat
    16 | D        | Reached skill level 1 in Evocations
    26 | D        | Reached skill level 1 in Conjurations
    26 | D        | Reached skill level 1 in Hexes
    26 | D        | Reached skill level 1 in Summonings
    26 | D        | Reached skill level 1 in Necromancy
    26 | D        | Reached skill level 1 in Translocations
    26 | D        | Reached skill level 1 in Transmutations
    26 | D        | Reached skill level 1 in Ice Magic
    26 | D        | Reached skill level 1 in Air Magic
    26 | D        | Reached skill level 1 in Earth Magic
    26 | D        | Reached skill level 1 in Poison Magic
    26 | D        | Reached XP level 2. HP: 25/29 MP: 6/6
    29 | D        | Reached XP level 3. HP: 30/35 MP: 7/7
   149 | D        | Found a snail-covered altar of Cheibriados.
   149 | D        | Found a shadowy altar of Dithmenos.
   149 | D        | Found a white marble altar of Elyvilon.
   149 | D        | Found a blossoming altar of Fedhas.
   149 | D        | Found an opulent altar of Gozag.
   150 | D        | Found a hazy altar of Hepliaklqana.
   151 | D        | Found a viscous altar of Jiyva.
   152 | D        | Found an ancient bone altar of Kikubaaqudgha.
   153 | D        | Found a corrupted altar of Lugonu.
   154 | D        | Found a burning altar of Makhleb.
   155 | D        | Found a sparkling altar of Nemelex Xobeh.
   156 | D        | Found an iron altar of Okawaru.
   157 | D        | Found a stormy altar of Qazlal.
   158 | D        | Found a sacrificial altar of Ru.
   159 | D        | Found a shimmering blue altar of Sif Muna.
   160 | D        | Found a bloodstained altar of Trog.
   161 | D        | Found a hide-covered altar of Uskayaw.
   162 | D        | Found a radiant altar of Vehumet.
   163 | D        | Found an ornate altar of the Wu Jian Council.
   164 | D        | Found a shimmering altar of Xom.
   165 | D        | Found a basalt altar of Yredelemnul.
   166 | D        | Found a glowing silver altar of Zin.
   167 | D        | Found a glowing golden altar of the Shining One.
   202 | D        | Noticed a two-headed ogre
   202 | D        | Noticed a two-headed ogre
   202 | D        | Noticed a shadow
   202 | D        | Noticed a wyvern
   202 | D        | Noticed a shadow
   216 | D        | Killed a shadow
   216 | D        | HP: 1/35 [wyvern (2)]
   217 | D        | Reached XP level 4. HP: 1/43 MP: 8/10
   217 | D        | Reached XP level 5. HP: 1/48 MP: 9/12
   218 | D        | Killed a wyvern
   218 | D        | Demolished by a shadow

Illustrated notes

Levels and vault maps discovered:
D:        linesprint [early_d, line_temple, items_1, d_10, items_2, lair_1,
          lair_end, items_3, orc_1, orc_end, items_4, d_15, swamp_1, shoals_1,
          snake_1, spider_1, d_20, vaults_1, items_5, swamp_end, shoals_end,
          snake_end, spider_end, vaults_end, d_27, items_6, zot_1, zot_end,
          crypt_end, forest_end, elf_end, slime_end, tomb_end, abyss_end,
          pan_hell_end]

Skill      XL: |  1  2  3 |
---------------+----------+-----
Invocations    | 1 2 4 |  4.0
Short Blades   | 1 3 |  3.7
Long Blades    | 1 3 |  3.7
Axes           | 1 3 |  3.7
Polearms       | 1 3 |  3.7
Staves         | 1 3 |  3.7
Slings         | 1 3 |  3.7
Bows           | 1 3 |  3.7
Crossbows      | 1 3 |  3.7
Throwing       | 1 3 |  3.7
Armour         | 1 3 |  3.7
Dodging        | 1 3 |  3.7
Stealth        | 1 3 |  3.7
Shields        | 1 3 |  3.7
Unarmed Combat | 1 3 |  3.7
Evocations     | 1 3 |  3.7
Spellcasting   | 3 4 |  4.7
Conjurations   | 1 3 |  3.0
Hexes          | 1 3 |  3.0
Summonings     | 1 3 |  3.0
Necromancy     | 1 3 |  3.0
Translocations | 1 3 |  3.0
Transmutations | 1 3 |  3.0
Ice Magic      | 1 3 |  3.0
Air Magic      | 1 3 |  3.0
Earth Magic    | 1 3 |  3.0
Poison Magic   | 1 3 |  3.0
Fighting       | 7 |  7.6
Maces & Flails | 7 |  7.6
Fire Magic     | 6 |  6.3

Action                   |  1- 3 |  4- 6 || total
-------------------------+-------+-------++-------
Melee: Mace              |    19 |       ||    19
       Bite              |     3 |       ||     3
       Morningstar       |    11 |     1 ||    12
Invok: Fiery Armour      |     2 |       ||     2
  Use: Potion            |     1 |     1 ||     2
Armor: Robe              |    10 |     1 ||    11
Dodge: Dodged            |    19 |       ||    19
